 Dungeon Crawl Stone Soup version 0.30-a0-568-g124715a40b (webtiles) character file.

Game seed: 15180494487524180801

205 bande the Covered (level 5, 0/33 HPs)
             Began as a Gargoyle Fighter on Dec 29, 2022.
             Slain by an ice beast (10 damage)
             ... on level 5 of the Dungeon.
             The game lasted 00:04:19 (3245 turns).

bande the Covered (Gargoyle Fighter)                Turns: 3245, Time: 00:04:19

Health: 0/33       AC: 14    Str: 19    XL:     5   Next: 83%
Magic:  5/5        EV:  9    Int:  9    God:
Gold:   617        SH:  4    Dex: 11    Spells: 4/4 levels left

rFire   . . .      SeeInvis .    a - +1 war axe
rCold   . . .      Faith    .    c - +0 buckler
rNeg    + . .      Spirit   .    b - +0 scale mail
rPois   ∞          Reflect  .    l - +2 hat
rElec   +          Harm     .    (no cloak)
rCorr   .          Rampage  .    (no gloves)
Will    .....                    g - +0 pair of boots Stlth
                                 (no amulet)
HPRegen 0.25/turn                (no ring)
MPRegen 0.09/turn                (no ring)

@: no status effects
A: sickness immunity, AC +4, negative energy resistance 1, electricity
resistance, torment resistance 1, petrification resistance
a: no special abilities


You were on level 5 of the Dungeon.
You visited 1 branch of the dungeon, and saw 5 of its levels.

You collected 617 gold pieces.

Inventory:

Hand Weapons
 a - a +1 war axe (weapon)
 i - a +0 flail
 n - a +0 war axe
Armour
 b - a +0 scale mail (worn)
 c - a +0 buckler (worn)
 g - a +0 pair of boots (worn)
 l - a +2 hat (worn)
Scrolls
 e - 5 scrolls of identify
 f - 2 scrolls of enchant weapon
 k - 2 scrolls of silence
 o - a scroll of fear
Potions
 d - a potion of might
 h - a potion of flight
 j - 2 potions of mutation
 m - a potion of resistance
 s - a potion of curing {unknown}


   Skills:
 + Level 4.2 Fighting
 + Level 3.8 Axes
 + Level 4.2 Armour
 + Level 4.0 Shields


You had 4 spell levels left.
You didn't know any spells.
Your spell library contained the following spells:

 Spells                   Type           Power      Damage    Failure   Level
 Summon Lightning Spire   Summ/Air       0%         N/A       100%        4
 Storm Form               Tmut/Air       0%         N/A       100%        7
 Maxwell's Capacitive Co  Air            0%         ∞         100%        8


Dungeon Overview and Level Annotations

Branches:
Dungeon (5/15)
 Temple: D:4-7

Altars:


Innate Abilities, Weirdness & Mutations

You are immune to sickness and miasma.
Your stone body is resilient. (AC +4)
You are immune to poison.
You resist negative energy. (rN+)
You are resistant to electric shocks. (rElec)
You are resistant to unholy torment.
You are immune to petrification.


Message History

The slug dart hits you but does no damage.
You slash the dart slug!
You kill the dart slug!
No target in view!
No target in view!
No target in view!
No target in view!
No target in view!
No target in view!
No target in view!
An ice beast comes into view.
An ice beast is nearby!
You closely miss the ice beast. The ice beast barely misses you. x2
You barely miss the ice beast. You block the ice beast's attack.
You closely miss the ice beast. The ice beast hits you.
The ice beast freezes you!
You hit the ice beast but do no damage. The ice beast hits you.
The ice beast freezes you!
The ice beast hits you but does no damage.
You are too injured to fight recklessly!
You are too injured to fight recklessly!
You are too injured to fight recklessly!
You are too injured to fight recklessly!
You are too injured to fight recklessly!
You are too injured to fight recklessly!
You are too injured to fight recklessly!
You are too injured to fight recklessly!
You completely miss the ice beast.
The ice beast hits you but does no damage.
You barely miss the ice beast. The ice beast barely misses you.
You hit the ice beast.
The ice beast is moderately wounded.
You block the ice beast's attack. The ice beast barely misses you.
You barely miss the ice beast.
The ice beast is moderately wounded.
You block the ice beast's attack.
You closely miss the ice beast.
The ice beast is lightly wounded.
The ice beast hits you. The ice beast freezes you!
You die...

..#.#.....#....#
#.#...###....# #
#..#...#...#
...###.[.#..##
..... #...#..#
..## ..###...# .
#.....#..#
###...#..#####
..#. #.@....# ..
###..Y###.# .
#.....# #...##.#
..... ... ...##
... ... #.# #.
#..


You could see an ice beast.

Vanquished Creatures
  2 orc priests
  An orc wizard (D:4)
  4 adders
  A white imp (D:5)
  An ufetubus (D:4)
  A worm (D:2)
  3 dart slugs
  9 orcs
  7 bats
  2 endoplasms
  3 giant cockroaches
  6 goblins
  A hobgoblin (D:3)
  6 quokkas
  2 ball pythons (D:3)
  2 frilled lizards (D:3)
  4 kobolds
  3 rats
58 creatures vanquished.

Notes
Turn   | Place    | Note
-------+----------+-------------------------------------------
     0 | D:1      | bande the Gargoyle Fighter began the quest for the Orb.
     0 | D:1      | Reached XP level 1. HP: 14/14 MP: 1/1
    87 | D:1      | Reached XP level 2. HP: 19/19 MP: 2/2
  1182 | D:2      | Identified a scroll of acquirement
  1182 | D:2      | Acquired 462 gold pieces
  1267 | D:2      | Reached XP level 3. HP: 23/23 MP: 3/3
  1590 | D:3      | Reached XP level 4. HP: 29/29 MP: 4/4
  1794 | D:3      | HP: 1/29 [orc priest/divine providence (12)]
  2382 | D:4      | Reached XP level 5. HP: 32/33 MP: 5/5
  3159 | D:5      | Entered Level 5 of the Dungeon
  3234 | D:5      | Noticed an ice beast
  3245 | D:5      | Slain by an ice beast

Illustrated notes

Levels and vault maps discovered:
D:1:      dpeg_arrival_tiny_c, layout_basic, dk_noncrumbling_2
D:2:      wander_river, layout_basic
D:3:      layout_rooms, serial_glass, glass_columns_b, glass_columns_a,
          glass_columns_b, glass_columns_b, due_unseen_surprise,
          feat_on_display, chequers_serial_rivers_large_a
D:4:      nicolae_cairo_tiling_large, layout_basic
D:5:      layout_loops_ring, zin_treasury, minmay_temple_entry_large_hall,
          portal_sewer_entry_d, nicolae_titane

Skill      XL: |  1  2  3  4  5 |
---------------+----------------+-----
Axes           | 2 3 |  3.8
Armour         | 4 |  4.2
Fighting       | 4 |  4.2
Shields        | 4 |  4.0

Action                   |  1- 3 |  4- 6 || total
-------------------------+-------+-------++-------
Melee: War axe           |    86 |   110 ||   196
  Use: Scroll            |     8 |     4 ||    12
Armor: Scale mail        |    69 |    83 ||   152
Dodge: Dodged            |    42 |    46 ||    88
Block: Buckler           |    18 |    29 ||    47

Table legend: (Time is in decaauts)
 A = Elapsed time spent in this place.
 B = Non-inter-level travel time spent in this place.
 C = Inter-level travel time spent in this place.
 D = Time resting spent in this place.
 E = Time spent auto-exploring this place.
 F = Levels seen in this place.
 G = Mean time per level.
                   A        B        C        D        E       F      G
               +--------+--------+--------+--------+--------+-----+--------+
         Total |   3342 |   3200 |    142 |    312 |   2328 |   5 |  668.4 |
       Dungeon |   3342 |   3200 |    142 |    312 |   2328 |   5 |  668.4 |
               +--------+--------+--------+--------+--------+-----+--------+

Top non-repeatable levels by time:
     D:4: 883 daAuts
     D:3: 835 daAuts
     D:2: 793 daAuts
     D:1: 738 daAuts
     D:5: 92 daAuts
